[Event "European Women Rapid-ch 2023"]
[Site "Monaco"]
[Date "2024.01.13"]
[Round "4.5"]
[White "Savina, Anastasia"]
[Black "Paehtz, Elisabeth"]
[Result "0-1"]
[ECO "A40"]
[WhiteElo "2340"]
[BlackElo "2461"]
[Annotator "RC"]
[PlyCount "74"]
[EventDate "2023.12.19"]
[EventType "swiss"]
[EventCountry "MNC"]
[SourceTitle "playchess.com"]
[Source "ChessBase"]
[SourceQuality "1"]
[TimeControl "900+10"]

1. d4 e6 2. c4 b6 3. e4 Bb7 4. Bd3 Bb4+ 5. Bd2 Bxd2+ 6. Nxd2 d6 7. Ne2 e5 8. d5 Nd7 9. b4 a5 10. a3 Ne7 11. O-O O-O 12. Qc2 Ng6 13. g3 Qg5 14. Nb3 Nf4 15. Nxf4 exf4 16. Qd2 Ne5 17. Be2 Ng6 18. c5 Qe5 19. Qd4 a4 20. Qxe5 Nxe5 21. Nd4 dxc5 22. bxc5 bxc5 23. gxf4 Ng6 24. Nf5 Nxf4 25. Bb5 Ba6 26. Bxa6 Rxa6 27. Ne7+ Kh8 28. f3 g6 29. Kf2 Re8 30. Nc6 f5 31. Rfd1 c4 32. exf5 Re2+ 33. Kf1 gxf5 34. Rab1 Rxh2 35. Rb8+ Kg7 36. Rd4 Nxd5 37. Ne5 Ne3+ 0-1

[Event "European Women Rapid-ch 2023"]
[Site "Monaco"]
[Date "2024.01.13"]
[Round "4.6"]
[White "Stefanova, Antoaneta"]
[Black "Papp, Petra"]
[Result "1/2-1/2"]
[ECO "A49"]
[WhiteElo "2431"]
[BlackElo "2267"]
[Annotator "ChessBase"]
[PlyCount "105"]
[EventDate "2023.12.19"]
[EventType "swiss"]
[EventCountry "MNC"]
[SourceTitle "playchess.com"]
[Source "ChessBase"]
[SourceQuality "1"]
[TimeControl "900+10"]

1. d4 Nf6 2. Nf3 g6 3. g3 Bg7 4. Bg2 O-O 5. O-O d6 6. a4 c6 7. Nc3 d5 8. a5 h6 9. Re1 c5 10. dxc5 Nc6 11. Qd2 d4 12. Nb5 Ne4 13. Qd3 Nxc5 14. Qc4 Na6 15. e3 e5 16. exd4 exd4 17. Bd2 Be6 18. Qa4 Re8 19. Rad1 Rc8 20. Bc3 Nc5 21. Qa1 Bg4 22. Rxe8+ Qxe8 23. Nbxd4 Nxd4 24. Bxd4 Bxd4 25. Rxd4 Bf5 26. Rd2 Ne6 27. c3 Qb5 28. Bf1 Qc6 29. Ne5 Qc7 30. Nf3 Nc5 31. Nd4 Be4 32. f3 Bc6 33. b4 Nd7 34. Nxc6 Qxc6 35. c4 Re8 36. f4 Nf6 37. b5 Qc5+ 38. Qd4 Qf5 39. Qxa7 Ng4 40. Qd4 Qb1 41. Rd1 Qc2 42. Qd2 Qe4 43. Qd3 Qe7 44. Qd4 Qa3 45. a6 bxa6 46. bxa6 Qxa6 47. c5 Qa2 48. Rd2 Qb1 49. Rd1 Qc2 50. Rd2 Qc1 51. Rd1 Qc2 52. Rd2 Qc1 53. Rd1 1/2-1/2

[Event "European Women Rapid-ch 2023"]
[Site "Monaco"]
[Date "2024.01.13"]
[Round "4.7"]
[White "Schulze, Lara"]
[Black "Hunt, Harriet V"]
[Result "1/2-1/2"]
[ECO "B53"]
[WhiteElo "2285"]
[BlackElo "2306"]
[Annotator "TA"]
[PlyCount "77"]
[EventDate "2023.12.19"]
[EventType "swiss"]
[EventCountry "MNC"]
[SourceTitle "playchess.com"]
[Source "ChessBase"]
[SourceQuality "1"]
[TimeControl "900+10"]

1. e4 c5 2. Nf3 d6 3. d4 cxd4 4. Qxd4 Nc6 5. Bb5 Bd7 6. Bxc6 Bxc6 7. Nc3 Nf6 8. Bg5 e6 9. O-O-O Be7 10. Rhe1 O-O 11. e5 dxe5 12. Nxe5 Qa5 13. Nxc6 bxc6 14. Qe5 Qa6 (14... c5 $5) 15. Qe2 Qa5 (15... Qb7 $11) 16. Qe5 $1 $14 Qa6 17. Ne4 Qxa2 18. Bxf6 (18. Nxf6+ $14 Bxf6 19. Bxf6 gxf6 20. Qg3+ (20. Qxf6 Qa1+ 21. Kd2 Qa5+ 22. Ke2 Rfd8 $16) 20... Kh8 21. Qc3 Qa1+ 22. Kd2 Rfd8+ 23. Ke3 (23. Ke2 Qa6+ 24. Kf3 Kg7 $17) 23... Rxd1 24. Qxf6+ Kg8 25. Qg5+ Kf8 26. Qc5+ Kg8 27. Qg5+ Kf8 28. Qc5+ Kg8 29. Qg5+) 18... gxf6 (18... Rfd8 $11 19. Rd3 (19. Bxe7 $2 Qa1#) (19. Rxd8+ Rxd8 20. b4 gxf6 $11) 19... Qa1+ (19... Bxf6 $2 20. Nxf6+ Kh8 21. Ra3 $18) 20. Kd2 Bb4+ (20... Rxd3+ 21. Kxd3 Rd8+ 22. Ke2 $11) 21. Nc3 Rxd3+ 22. Kxd3 Qa6+ 23. Kd2 gxf6 24. Qxf6 Bxc3+ 25. bxc3 Qa5) 19. Nxf6+ Bxf6 20. Qxf6 {[%emt 0:00:03] b3 ist eine echte Drohung.} Qa1+ {[%emt 0:00:07] Schwarz hat schwache schwarze Felder} 21. Kd2 Rfd8+ 22. Ke2 {[%emt 0:00:13] Tanz auf der Rasierklinge.} Qa6+ (22... Qa5 $1 $14) 23. Kf3 $16 Qa5 (23... Rxd1 $16 24. Rxd1 c5 25. Rd8+ Rxd8 26. Qg5+ (26. Qxd8+ Kg7 $18) 26... Kh8 27. Qxd8+ Kg7 28. Qg5+ Kh8) 24. Re5 $1 $18 Qc7 25. Rg5+ Kf8 26. Qh6+ $2 (26. Rh5 {[%cal Oh5h7] Droht Matt per Rxh7!} Rxd1 27. Rxh7) 26... Ke7 27. Re1 Qd6 28. Rg7 {[%emt 0:00:48] Schwarz muss nun Qh4+ beachten.} (28. Qxh7 Rh8 29. Qe4 Rab8 $11) 28... Qd5+ {[%emt 0:00:29] [#]} 29. Kg3 {[%emt 0:00:04] Weiß hat aktiveres Spiel.} ({Günstiger ist} 29. Re4 $1 $16 {Droht Qh4+ und aus.} Rf8 30. Qxh7 (30. Rxh7 Rab8 $16)) 29... Rg8 (29... Qf5 $1 $14) 30. Qxh7 $16 Rxg7+ 31. Qxg7 {[%emt 0:00:01][%mdl 4096] Endspiel. KQR-KQR} Rb8 32. h4 Rb4 33. f4 Qd2 {[%emt 0:00:35][%csl LRc2,LRe1,LRf4] [#]} 34. Qe5 (34. Qg5+ $1 $16 Ke8 35. Ra1 Qe3+ 36. Kh2) 34... Qxc2 $14 35. Qc7+ (35. Ra1 $14 {ist eher angebracht.} Qd3+ 36. Kh2) 35... Ke8 $11 {[%emt 0:00:45] Die Stellung ist ausgeglichen.} 36. Qc8+ Ke7 37. Qc7+ Ke8 38. Qc8+ Ke7 39. Qc7+ {[%emt 0:00:01] Gewichteter Fehlerwert: Weiß=0.41/Schwarz=0.18 (sehr präzise) .  Verlustzug:     	---       	Schwarz=1     Fehler:       	Weiß=4     	Schwarz=4     Ungenau:       	Weiß=2     	Schwarz=2     OK:         	Weiß=3     	Schwarz=7     Bester:       	Weiß=3     	Schwarz=4     Stark:        	Weiß=2     	---} 1/2-1/2

[Event "European Women Rapid-ch 2023"]
[Site "Monaco"]
[Date "2024.01.13"]
[Round "4.8"]
[White "Monpeurt, Cyrielle"]
[Black "Ushenina, Anna"]
[Result "0-1"]
[ECO "B07"]
[WhiteElo "2187"]
[BlackElo "2415"]
[Annotator "ChessBase"]
[PlyCount "40"]
[EventDate "2023.12.19"]
[EventType "swiss"]
[EventCountry "MNC"]
[SourceTitle "playchess.com"]
[Source "ChessBase"]
[SourceQuality "1"]
[TimeControl "900+10"]

1. e4 d6 2. d4 Nf6 3. Nc3 e5 4. dxe5 dxe5 5. Qxd8+ Kxd8 6. f4 Bb4 7. Bd3 Re8 8. fxe5 Nxe4 9. Bxe4 Bxc3+ 10. bxc3 Rxe5 11. Nf3 Rxe4+ 12. Kf2 f6 13. Rd1+ Ke8 14. Rb1 Nc6 15. Rb5 b6 16. h3 Ba6 17. Rh5 h6 18. Be3 Rd8 19. Nd4 Ne7 20. g4 c5 0-1

[Event "European Women Rapid-ch 2023"]
[Site "Monaco"]
[Date "2024.01.13"]
[Round "4.9"]
[White "Javakhishvili, Lela"]
[Black "Unuk, Laura"]
[Result "1-0"]
[ECO "E12"]
[WhiteElo "2433"]
[BlackElo "2346"]
[Annotator "ChessBase"]
[PlyCount "73"]
[EventDate "2023.12.19"]
[EventType "swiss"]
[EventCountry "MNC"]
[SourceTitle "playchess.com"]
[Source "ChessBase"]
[SourceQuality "1"]
[TimeControl "900+10"]

1. d4 Nf6 2. c4 e6 3. Nf3 b6 4. a3 Bb7 5. Nc3 Be7 6. d5 d6 7. e4 e5 8. b4 a5 9. Rb1 O-O 10. Bd3 Bc8 11. Nd2 Ne8 12. O-O g6 13. Nb3 axb4 14. axb4 Ng7 15. c5 bxc5 16. bxc5 dxc5 17. Be3 Nd7 18. Bb5 f5 19. d6 Bxd6 20. Qd5+ Kh8 21. Qxa8 f4 22. Bc1 f3 23. g3 Nb6 24. Qa2 c6 25. Bxc6 Be6 26. Rd1 Qc8 27. Bb7 Qxb7 28. Rxd6 Qc8 29. Rxb6 Bc4 30. Nd1 Qh3 31. Ne3 Nh5 32. Qb2 Re8 33. Rb8 Rxb8 34. Qxe5+ Kg8 35. Qxb8+ Kg7 36. Qe5+ Kg8 37. Nd2 1-0

[Event "European Women Rapid-ch 2023"]
[Site "Monaco"]
[Date "2024.01.13"]
[Round "4.10"]
[White "Wagner, Dinara"]
[Black "Charkhalashvili, Inga"]
[Result "1/2-1/2"]
[ECO "E12"]
[WhiteElo "2459"]
[BlackElo "2239"]
[Annotator "RC"]
[PlyCount "41"]
[EventDate "2023.12.19"]
[EventType "swiss"]
[EventCountry "MNC"]
[SourceTitle "playchess.com"]
[Source "ChessBase"]
[SourceQuality "1"]
[TimeControl "900+10"]

1. d4 Nf6 2. c4 e6 3. Nf3 b6 4. a3 Bb7 5. Nc3 Be7 6. d5 d6 7. e4 e5 8. Be2 Nbd7 9. b4 a5 10. Bd2 O-O 11. O-O Nh5 12. g3 g6 13. Ne1 Ng7 14. Nd3 f5 15. f4 Bf6 16. fxe5 Nxe5 17. Nf4 axb4 18. axb4 Rxa1 19. Qxa1 g5 20. Ng2 fxe4 21. Qa7 1/2-1/2

[Event "European Women Rapid-ch 2023"]
[Site "Monaco"]
[Date "2024.01.13"]
[Round "4.11"]
[White "Vega Gutierrez, Sabrina"]
[Black "Garcia Martin, Marta"]
[Result "1-0"]
[ECO "B20"]
[WhiteElo "2378"]
[BlackElo "2342"]
[Annotator "ChessBase"]
[PlyCount "155"]
[EventDate "2023.12.19"]
[EventType "swiss"]
[EventCountry "MNC"]
[SourceTitle "playchess.com"]
[Source "ChessBase"]
[SourceQuality "1"]
[TimeControl "900+10"]

1. e4 c5 2. b3 Nc6 3. Bb2 a6 4. Nf3 d6 5. d4 cxd4 6. Nxd4 Bd7 7. Bd3 Nf6 8. O-O e6 9. c4 Be7 10. Re1 O-O 11. Bf1 Ne5 12. Nc3 Qc7 13. h3 Rad8 14. Rc1 Rfe8 15. a4 Qb6 16. Ba3 Bf8 17. Qd2 Ng6 18. b4 Rc8 19. Nf3 Red8 20. a5 Qa7 21. Qe3 Qxe3 22. Rxe3 Be8 23. Ree1 Nd7 24. g3 b6 25. axb6 Nxb6 26. Nb1 Rc7 27. c5 dxc5 28. bxc5 Na4 29. Red1 Rxd1 30. Rxd1 Bxc5 31. Bxa6 Kf8 32. Bxc5+ Nxc5 33. Bf1 Nxe4 34. Nbd2 Nc3 35. Ra1 Bc6 36. Ra3 Ne4 37. Nxe4 Bxe4 38. Ng5 Bd5 39. Nxh7+ Ke7 40. Ng5 Rc1 41. Nf3 e5 42. Nd2 Rd1 43. Rd3 Bc6 44. Nc4 Rc1 45. Ne3 e4 46. Rd1 Rc5 47. Be2 Ne5 48. Nf5+ Kf6 49. g4 g6 50. Rd6+ Kg5 51. Nd4 Rc1+ 52. Kg2 Bb7 53. Kg3 Rc3+ 54. Kh2 f5 55. Ne6+ Kh4 56. Rd8 Rxh3+ 57. Kg1 Nf7 58. Rd7 Ng5 59. Nxg5 Kxg5 60. Rxb7 fxg4 61. Re7 g3 62. Kg2 Rh4 63. Kxg3 Rf4 64. Re5+ Rf5 65. Rxe4 Ra5 66. Rg4+ Kf6 67. Rf4+ Kg5 68. Bd3 Ra3 69. Rd4 Kf6 70. Kg4 g5 71. f3 Ra1 72. Rd6+ Ke5 73. Rg6 Rg1+ 74. Kh5 Kf4 75. Rf6+ Ke3 76. Ba6 Kd4 77. Bc8 Ke3 78. Bg4 1-0

[Event "European Women Rapid-ch 2023"]
[Site "Monaco"]
[Date "2024.01.13"]
[Round "4.12"]
[White "Pavlidou, Ekaterini"]
[Black "Khotenashvili, Bella"]
[Result "0-1"]
[ECO "A43"]
[WhiteElo "2206"]
[BlackElo "2467"]
[Annotator "RC"]
[PlyCount "66"]
[EventDate "2023.12.19"]
[EventType "swiss"]
[EventCountry "MNC"]
[SourceTitle "playchess.com"]
[Source "ChessBase"]
[SourceQuality "1"]
[TimeControl "900+10"]

1. d4 g6 2. e4 Bg7 3. c4 c5 4. d5 d6 5. Nc3 e6 6. Bd3 Ne7 7. Nge2 O-O 8. Be3 Nd7 9. f4 exd5 10. exd5 Re8 11. Qd2 Nf6 12. O-O-O a6 13. h3 b5 14. g4 Nd7 15. Rdf1 bxc4 16. Bxc4 Nb6 17. Bb3 f5 18. g5 a5 19. a3 Ba6 20. Rf2 Rb8 21. h4 Bc4 22. Bc2 Nexd5 23. Rh3 Qe7 24. Nd1 Qb7 25. b3 Ba6 26. h5 a4 27. hxg6 hxg6 28. Rfh2 axb3 29. Bxb3 Nc4 30. Qd3 Ncxe3 31. Nxe3 Bxd3 32. Bxd5+ Qxd5 33. Nxd5 Rxe2 0-1

[Event "European Women Rapid-ch 2023"]
[Site "Monaco"]
[Date "2024.01.13"]
[Round "4.13"]
[White "Daulyte-Cornette, Deimante"]
[Black "Polterauer, Chiara"]
[Result "1-0"]
[ECO "C27"]
[WhiteElo "2372"]
[BlackElo "2189"]
[Annotator "ChessBase"]
[PlyCount "49"]
[EventDate "2023.12.19"]
[EventType "swiss"]
[EventCountry "MNC"]
[SourceTitle "playchess.com"]
[Source "ChessBase"]
[SourceQuality "1"]
[TimeControl "900+10"]

1. e4 e5 2. Nc3 Nc6 3. Bc4 Nf6 4. d3 Bc5 5. f4 d6 6. Na4 Bxg1 7. Rxg1 Na5 8. Bb3 Nxb3 9. axb3 Ng4 10. Rh1 Qh4+ 11. g3 Qh3 12. Qe2 Bd7 13. Nc3 a6 14. Bd2 h5 15. O-O-O O-O-O 16. Rdf1 g6 17. fxe5 Nxe5 18. Bg5 Rde8 19. Bf6 Rh7 20. Nd5 c6 21. Nf4 Qg4 22. Qf2 h4 23. gxh4 g5 24. Bxg5 Ng6 25. h3 1-0

[Event "European Women Rapid-ch 2023"]
[Site "Monaco"]
[Date "2024.01.13"]
[Round "4.14"]
[White "Zhukova, Natalia"]
[Black "Radeva, Viktoria"]
[Result "1/2-1/2"]
[ECO "E02"]
[WhiteElo "2301"]
[BlackElo "2325"]
[Annotator "ChessBase"]
[PlyCount "94"]
[EventDate "2023.12.19"]
[EventType "swiss"]
[EventCountry "MNC"]
[SourceTitle "playchess.com"]
[Source "ChessBase"]
[SourceQuality "1"]
[TimeControl "900+10"]

1. c4 e6 2. Nf3 d5 3. g3 Nf6 4. Bg2 dxc4 5. Qa4+ Nbd7 6. Qxc4 a6 7. Qc2 c5 8. O-O Be7 9. d4 O-O 10. Rd1 cxd4 11. Nxd4 Bc5 12. Nc3 Qe7 13. h3 Nb6 14. Nb3 Bb4 15. a3 Bxc3 16. Qxc3 Nbd5 17. Qe1 Bd7 18. e4 Ba4 19. Rd3 Nb6 20. Be3 Nbd7 21. Rc3 Rac8 22. Rac1 Rxc3 23. Qxc3 Bc6 24. Qc2 e5 25. Na5 Rc8 26. Qb3 Nb8 27. Bg5 h6 28. Bxf6 gxf6 29. h4 Rd8 30. Rd1 Rxd1+ 31. Qxd1 Qc7 32. Nc4 Nd7 33. Ne3 Kh7 34. Nf5 Qd8 35. Qg4 Qf8 36. Bf1 Nc5 37. f3 b5 38. Qh5 Ne6 39. Bh3 Nd4 40. Ne3 Kg7 41. Kh2 Qc5 42. Nf5+ Nxf5 43. Bxf5 Qf2+ 44. Kh3 Qf1+ 45. Kh2 Qf2+ 46. Kh3 Qf1+ 47. Kh2 Qf2+ 1/2-1/2

[Event "European Women Rapid-ch 2023"]
[Site "Monaco"]
[Date "2024.01.13"]
[Round "4.15"]
[White "Kubicka, Anna"]
[Black "Bensdorp-De Labaca, Marlies"]
[Result "1/2-1/2"]
[ECO "C06"]
[WhiteElo "2278"]
[BlackElo "2237"]
[Annotator "ChessBase"]
[PlyCount "134"]
[EventDate "2023.12.19"]
[EventType "swiss"]
[EventCountry "MNC"]
[SourceTitle "playchess.com"]
[Source "ChessBase"]
[SourceQuality "1"]
[TimeControl "900+10"]

1. e4 e6 2. d4 d5 3. Nd2 Nf6 4. e5 Nfd7 5. Bd3 c5 6. c3 b6 7. a4 cxd4 8. cxd4 Ba6 9. Bb5 Qc8 10. Qe2 Bb4 11. Ngf3 O-O 12. O-O h6 13. Nh4 Bxb5 14. axb5 Qc2 15. f4 Be7 16. Qg4 Qd3 17. Ndf3 Bxh4 18. Qxh4 Qxb5 19. g4 f6 20. f5 fxe5 21. fxe6 Nf6 22. e7 Rf7 23. Nxe5 Rxe7 24. Rxf6 gxf6 25. Qxf6 Qb4 26. Qg6+ Rg7 27. Qe6+ Kh7 28. Qxh6+ Kg8 29. Qe6+ Kh7 30. Be3 Na6 31. Qh6+ Kg8 32. Qe6+ Kh7 33. Rf1 Nc7 34. Qh6+ Kg8 35. Ng6 Rh7 36. Qg5 Rg7 37. Qh5 Rh7 38. Qg5 Rg7 39. Qf6 Re8 40. Bh6 Rh7 41. Nh4 Qe7 42. Qg6+ Kh8 43. Nf5 Qf7 44. Qd6 Re6 45. Qd8+ Re8 46. Qg5 Ne6 47. Qe3 Nf8 48. Qf4 Ng6 49. Qg5 Rg8 50. Nd6 Qe6 51. Nf5 Ne7 52. Bg7+ Rhxg7 53. Nxg7 Rxg7 54. Qh5+ Rh7 55. Qe8+ Kg7 56. Qf8+ Kg6 57. g5 Qe3+ 58. Kh1 Qe4+ 59. Kg1 Qxd4+ 60. Kh1 Qe4+ 61. Kg1 Qe3+ 62. Kh1 Qe4+ 63. Kg1 Qe3+ 64. Kh1 Qe4+ 65. Kg1 Qe3+ 66. Kh1 Qe4+ 67. Kg1 Qe3+ 1/2-1/2

[Event "European Women Rapid-ch 2023"]
[Site "Monaco"]
[Date "2024.01.13"]
[Round "4.16"]
[White "Rudzinska, Michalina"]
[Black "Kulon, Klaudia"]
[Result "1/2-1/2"]
[ECO "C48"]
[WhiteElo "2241"]
[BlackElo "2323"]
[Annotator "ChessBase"]
[PlyCount "88"]
[EventDate "2023.12.19"]
[EventType "swiss"]
[EventCountry "MNC"]
[SourceTitle "playchess.com"]
[Source "ChessBase"]
[SourceQuality "1"]
[TimeControl "900+10"]

1. e4 e5 2. Nf3 Nc6 3. Nc3 Nf6 4. Bb5 Bd6 5. d3 h6 6. a3 Nd4 7. Nxd4 exd4 8. Ne2 c5 9. O-O O-O 10. Nf4 a6 11. Bc4 Bxf4 12. Bxf4 d5 13. exd5 Nxd5 14. Qf3 Be6 15. Bg3 b5 16. Ba2 Qd7 17. Rfe1 Rad8 18. Re5 f6 19. Re2 Bg4 20. Qxd5+ Qxd5 21. Bxd5+ Rxd5 22. f3 Bd7 23. Rae1 c4 24. Bf2 cxd3 25. cxd3 Bf5 26. g4 Bxd3 27. Rd2 Bc4 28. Rxd4 Rc8 29. Rc1 Rxd4 30. Bxd4 Re8 31. Rc2 Re1+ 32. Kf2 Rd1 33. Bc3 Kf7 34. Rd2 Rf1+ 35. Kg2 Ke6 36. Rd4 Rc1 37. Re4+ Kd6 38. Rd4+ Bd5 39. Rd2 Kc6 40. Re2 Kd7 41. Rd2 Kd6 42. Kf2 Rh1 43. Kg2 Rc1 44. Kf2 Rh1 1/2-1/2

[Event "European Women Rapid-ch 2023"]
[Site "Monaco"]
[Date "2024.01.13"]
[Round "4.17"]
[White "De Seroux, Camille"]
[Black "Hejazipour, Mitra"]
[Result "1-0"]
[ECO "A00"]
[WhiteElo "2075"]
[BlackElo "2356"]
[Annotator "TA"]
[PlyCount "121"]
[EventDate "2023.12.19"]
[EventType "swiss"]
[EventCountry "MNC"]
[SourceTitle "playchess.com"]
[Source "ChessBase"]
[SourceQuality "1"]
[TimeControl "900+10"]

1. Nc3 d5 2. Nf3 Nf6 3. d3 Bg4 4. Ne5 Bh5 5. h3 Nbd7 $146 ({Predecessor:} 5... d4 6. Nb1 Qd5 7. f4 e6 8. c4 Qa5+ 9. Kf2 Nbd7 10. g4 Bg6 11. Nxg6 fxg6 {0-1 Pickard,S-McClintock,D (2365) Dallas Pinfork op3 1996 (3)}) 6. Bf4 {[%emt 0:01:22] A00: Unregelmäßige Eröffnungen.} d4 7. Ne4 Nd5 8. Bh2 e6 9. a3 f6 10. Nxd7 Qxd7 11. g4 Bg6 12. Bg2 h5 13. c4 Nb6 14. Bf3 hxg4 15. hxg4 f5 (15... e5 $15) 16. Ng3 c6 17. Qd2 Bd6 18. O-O-O O-O-O 19. Qa5 (19. gxf5 $14 exf5 20. Qg5) 19... Kb8 (19... fxg4 $1 $15 20. Bxg4 Bf4+ 21. Kb1 Nxc4 22. Qxa7 Qd5) 20. Kb1 $2 (20. Nf1 $11 {und Weiss ist OK.}) 20... Bc7 $2 (20... Nxc4 $19 21. dxc4 b6 (21... fxg4+ 22. Be4 $15)) 21. Qd2 $2 (21. gxf5 $1 $14 {war der einzige gute Zug.} Bxf5 22. Qc5) 21... Na4 (21... fxg4 $17 22. Bxg4 Nxc4) 22. Ka1 $2 {[%emt 0:00:13] [#]} ({Günstiger ist} 22. Qg5 $11 Bh7 23. gxf5) 22... a5 $2 (22... f4 $1 $17 23. Nf1 Nc5 (23... e5 24. Qb4 $17)) 23. Qg5 Qf7 24. gxf5 exf5 25. Nf1 f4 (25... Bxh2 {vereinfacht} 26. Rxh2 Qf6 27. Qxf6 gxf6 28. Rxh8 Rxh8 29. Nd2 Nc5) 26. Nd2 (26. Bxf4 $11 Qxf4 (26... Bxf4 27. Qxa5 Bc7 28. Qxa4 $16) 27. Qxg6) 26... Rh6 27. Rdg1 Rdh8 28. Rg2 (28. Ka2 $11 {bleibt in der Remisbreite.}) 28... Qf5 (28... Bf5 $17 {Droht stark ...Rg6.} 29. Be4 Rh5 30. Bxf5 Rxg5 31. Rxg5 Qe7) 29. Nb3 $11 Qxg5 30. Rxg5 Bf7 ({Ein No Go ist} 30... Rxh2 $6 31. Rxh2 Rxh2 32. Rxg6 $18) (30... Bxd3 $11 {hält das Gleichgewicht.} 31. exd3 Rxh2) 31. Rxg7 $16 Be6 $2 (31... Bxc4 $16 32. Nxa5 Rxh2 33. Rxh2 Rxh2 34. Nxc4 Rxf2) 32. Rxc7 $18 ({Nicht} 32. Nxd4 Be5 $18) 32... Rxh2 33. Rxh2 Rxh2 34. Re7 Bc8 35. Nxd4 Rxf2 36. Nb3 Rf1+ 37. Ka2 Nb6 38. Nxa5 Nd7 39. b4 Kc7 40. Nb3 Kd6 41. Re8 Kc7 42. Nd4 Nf6 43. Rf8 Ng4 (43... Nd7 $142) 44. Rxc8+ $18 Kxc8 45. Bxg4+ Kc7 46. Bf3 Kd6 47. c5+ Ke5 48. Nb3 Rg1 49. Na5 Rg7 50. Kb3 Kd4 51. Nc4 Re7 52. Nd6 Ke5 53. Kc4 Rh7 54. a4 Rg7 55. d4+ Ke6 56. d5+ Ke5 57. dxc6 bxc6 58. Bxc6 Rg1 59. Bf3 Rc1+ 60. Kb5 Kd4 61. c6 1-0

[Event "European Women Rapid-ch 2023"]
[Site "Monaco"]
[Date "2024.01.13"]
[Round "4.18"]
[White "Movsesian, Julia"]
[Black "Zvereva, Marija"]
[Result "0-1"]
[ECO "B32"]
[WhiteElo "2257"]
[BlackElo "2049"]
[Annotator "TA"]
[PlyCount "80"]
[EventDate "2023.12.19"]
[EventType "swiss"]
[EventCountry "MNC"]
[SourceTitle "playchess.com"]
[Source "ChessBase"]
[SourceQuality "1"]
[TimeControl "900+10"]

1. e4 c5 2. Nf3 Nc6 3. d4 cxd4 4. Nxd4 e5 5. Nb5 d6 6. N1c3 a6 7. Na3 b5 8. Nd5 Nce7 9. c4 Nxd5 10. exd5 b4 11. Nc2 a5 12. Bd3 f5 {[%emt 0:00:09] Weiß steht etwas besser.} 13. O-O Nf6 14. f3 g6 15. b3 Bg7 16. Bb2 ({Vorzuziehen ist} 16. a3 $11) 16... O-O (16... Nd7 $15) 17. f4 (17. a3 $11 {bleibt in der Remisbreite.}) 17... Qb6+ 18. Kh1 Ng4 {[%emt 0:00:08] ...Nf2+ wäre nun fies.} 19. fxe5 Nf2+ (19... dxe5 $15 20. Qe1 Qd6) 20. Rxf2 $1 $11 Qxf2 21. Bd4 Qh4 (21... Bxe5 $2 22. Bxf2 Bxa1 23. Nxa1 $18) 22. g3 Qe7 23. e6 {[%emt 0:00:21][%mdl 1024] Weiss hat Kompensation.} Bb7 (23... a4 $11 {verdient Beachtung.}) 24. Qe2 $14 Rae8 25. Re1 f4 {[%emt 0:01:38] Lässt Qe3 nicht zu} 26. Be4 Qg5 27. Bxg7 Kxg7 {[%emt 0:00:07] [#]} 28. Kg2 {[%emt 0:00:15][%mdl 8192] [#]} (28. g4 $1 $16) 28... Rxe6 $1 $19 29. Nd4 {[%emt 0:00:37] Der Zug kostet die Partie für Weiß.} (29. dxe6 $17 {einziger Zug.} f3+ 30. Bxf3 Bxf3+ 31. Qxf3 Rxf3 32. e7) 29... Ree8 30. Ne6+ $2 {[%emt 0:00:26] [#]} (30. Qd2) 30... Rxe6 $1 31. dxe6 (31. Qb2+ Qe5) 31... f3+ 32. Bxf3 Bxf3+ (32... Rxf3 $142 33. Qe4 Bxe4 34. Rxe4 Re3 (34... Qf5 $2 35. Rf4 $19) 35. Rxe3 Qxe3 36. Kf1 Qxe6 37. h4 Qf6+ 38. Kg2 Qb2+ 39. Kf3 Qxa2 40. Kg4 Qf2 (40... Qxb3 {wird mattgesetzt.} 41. h5 Qxc4+ 42. Kf3 b3 43. hxg6 Kxg6 44. Kf2 b2 45. Kf3 b1=Q 46. g4 Qg1 47. g5 Qcg4#) 41. Kh3 Kf6 42. c5 h5 (42... dxc5 {führt zum Matt.} 43. h5 gxh5 44. g4 h4 45. g5+ Kf5 46. g6 Qg3#) 43. g4 Ke5 (43... dxc5 44. g5+ Ke5 $11) 44. gxh5 Kf4 45. hxg6 Qg3#) 33. Qxf3 {[%emt 0:00:02] Schwarz steht klar auf Gewinn.} Rxf3 34. Kxf3 {[%emt 0:00:01][%mdl 4096] Endspiel. KQ-KR} Qf5+ 35. Kg2 Qc2+ 36. Kf1 Kf8 37. Re2 Qd1+ 38. Kf2 Ke7 39. Re1 Qd4+ 40. Kf1 {[%emt 0:00:18] [#]} a4 $1 {[%emt 0:00:25] Gewichteter Fehlerwert: Weiß=1.11/Schwarz=0.39.  Verlustzug:     	Weiß=2     	---        Fehler:       	Weiß=3     	Schwarz=3     Ungenau:       	Weiß=1     	Schwarz=2     OK:         	Weiß=8     	Schwarz=5     Bester:       	Weiß=2     	---        Stark:        	Weiß=1     	Schwarz=1     Brilliant:      	---       	Schwarz=1} 0-1

[Event "European Women Rapid-ch 2023"]
[Site "Monaco"]
[Date "2024.01.13"]
[Round "4.19"]
[White "Collado Barbas, Laura"]
[Black "Navrotescu, Andreea"]
[Result "0-1"]
[ECO "D35"]
[WhiteElo "2037"]
[BlackElo "2222"]
[Annotator "TA"]
[PlyCount "82"]
[EventDate "2023.12.19"]
[EventType "swiss"]
[EventCountry "MNC"]
[SourceTitle "playchess.com"]
[Source "ChessBase"]
[SourceQuality "1"]
[TimeControl "900+10"]

1. d4 d5 2. c4 e6 3. Nc3 Nf6 4. cxd5 exd5 5. Bg5 Be7 6. e3 O-O 7. Bd3 Re8 8. Qc2 h6 9. Bh4 c5 10. Nge2 Nc6 11. a3 ({White should try} 11. dxc5 $11 Bg4 12. Rd1) 11... c4 12. Bf5 a6 13. O-O b5 14. Bxc8 Rxc8 15. Bxf6 Bxf6 16. Nf4 Ne7 17. Rad1 g6 18. Rfe1 Bg7 19. Qe2 Qd7 20. Qf3 Red8 21. e4 dxe4 22. Nxe4 (22. Rxe4 $142 Re8 23. g3) 22... Nf5 (22... Bxd4 $2 23. Nf6+ Bxf6 24. Rxd7 Rxd7 25. Nxg6 Nxg6 26. Qxf6 $18) 23. Ne2 Qa7 (23... Bxd4 $2 24. Nxd4 Nxd4 25. Nf6+ Kg7 26. Nxd7 $18) ({Better is} 23... Qc7 24. g3 Qb6 (24... Bxd4 25. g4 $11) (24... Nxd4 $2 25. Nxd4 Bxd4 26. Rd2 $19)) 24. d5 $17 Bxb2 {[%emt 0:00:04] Black is more active.} 25. N2c3 Bxa3 (25... Nd6 {simplifies} 26. Nxd6 Rxd6 27. Ne4 Rd7) 26. Nf6+ Kg7 {[%emt 0:00:11][%cal Ob5b4] And now ...b4! would win.} 27. Nce4 (27. Nh5+ {might work better.} Kf8 (27... gxh5 28. Qxf5 Qd7 29. Qe5+ f6 30. Qxh5 $11) 28. g4) 27... Bb2 28. Nh5+ Kf8 ({Worse is} 28... gxh5 29. Qxf5 h4 30. Qg4+ Kh7 31. Qf5+ Kg8 32. Nd6 Rxd6 33. Qxc8+ Kg7 34. Qg4+ Rg6 35. Qc8 $11 (35. Qxh4 Qc5 $11)) 29. Nf4 Kg8 (29... c3 $142 {...c2 is the strong threat.} 30. g4 c2 31. gxf5 cxd1=Q (31... c1=B $2 {perishes.} 32. Ne6+ fxe6 33. fxe6+ Kg7 34. d6 $18) (31... gxf5 $2 32. Ng3 $19) 32. Rxd1 gxf5) 30. g4 $2 {[%emt 0:00:06] [#]} (30. d6 {was the crucial defense.}) 30... Nd6 $19 {[%emt 0:00:35] Black is clearly winning.} 31. Qh3 (31. Kg2 $142) 31... Nxe4 32. Rxe4 Bg7 33. Rde1 c3 34. Re7 Qd4 35. Qf3 Qf6 36. Qe3 c2 37. Nd3 Rxd5 {[%emt 0:00:25] [#] White must now prevent ...Rc3.} 38. Nb4 Rdd8 39. Na2 Rd1 {[%emt 0:00:15] ...Bf8 would now be deadly.} 40. Nc1 Rcd8 41. Re4 Rxe1+ {[%emt 0:00:04] Weighted Error Value: White=0.66/Black=0.19 (very precise) .  Mistake:       	White=5     	Black=2      Inaccurate:     	White=3     	Black=2      OK:         	White=4     	Black=6      Best:        	White=3     	Black=2} 0-1